[Event "RUS-ch Blitz Women 2018"]
[Site "Sochi"]
[Date "2018.10.07"]
[Round "13"]
[White "Maletina, Tatiana"]
[Black "Nebolsina, Vera"]
[Result "0-1"]
[ECO "D70"]
[WhiteElo "2270"]
[BlackElo "2220"]
[Annotator "NA"]
[PlyCount "128"]
[EventDate "2018.10.07"]
[EventType "swiss"]
[EventCountry "RUS"]
[SourceTitle "playchess.com"]
[Source "ChessBase"]
[SourceQuality "1"]
[TimeControl "180+2"]

1. d4 Nf6 2. c4 g6 3. f3 d5 4. cxd5 Nxd5 5. e4 Nb6 6. Nc3 Bg7 7. Be3 Nc6 8. Bb5 O-O 9. Nge2 Na5 10. b3 a6 11. Bd3 Nc6 12. Bc2 Qd6 13. O-O Rd8 14. d5 Nb4 15. Bd4 Nxc2 16. Qxc2 Bxd4+ 17. Nxd4 Qc5 18. Nce2 Qxc2 19. Nxc2 e6 20. dxe6 Bxe6 21. Rfd1 Kf8 22. Ne3 Ke7 23. Kf2 a5 24. Nd4 a4 25. Nxe6 fxe6 26. b4 a3 27. Ke2 Na4 28. Rxd8 Rxd8 29. Rc1 c6 30. Nc4 Rd4 31. Ke3 e5 32. Nxa3 Rxb4 33. Nc4 Ke6 34. Rc2 c5 35. Nd2 b5 36. a3 Rb2 37. Rxb2 Nxb2 38. Nb1 b4 39. axb4 cxb4 40. Nd2 Kd6 41. Nb3 Kc6 42. Kd2 Kb5 43. Kc2 Nc4 44. g3 Ne3+ 45. Kd3 Nf1 46. f4 Nxh2 47. f5 Ng4 48. Kc2 Nf6 49. Kd3 g5 50. Nd2 g4 51. Nb3 h5 52. Nd2 h4 53. gxh4 g3 54. Nf3 g2 55. Ke2 b3 56. Kf2 b2 57. Nd2 Nxe4+ 58. Kxg2 Nxd2 59. f6 b1=Q 60. f7 Qg6+ 61. Kf2 Qxf7+ 62. Ke3 Qf4+ 63. Kd3 Qxh4 64. Kxd2 Qg3 0-1

[Event "RUS-ch Blitz Women 2018"]
[Site "Sochi"]
[Date "2018.10.07"]
[Round "14"]
[White "Dordzhieva, Dinara"]
[Black "Voit, Daria"]
[Result "1-0"]
[ECO "A05"]
[WhiteElo "2340"]
[BlackElo "2352"]
[Annotator "ChessBase"]
[PlyCount "115"]
[EventDate "2018.10.07"]
[EventType "swiss"]
[EventCountry "RUS"]
[SourceTitle "playchess.com"]
[Source "ChessBase"]
[SourceQuality "1"]
[TimeControl "180+2"]

1. Nf3 Nf6 2. c4 c5 3. g3 b6 4. Bg2 Bb7 5. b3 e6 6. Bb2 Be7 7. O-O O-O 8. e3 d5 9. Nc3 dxc4 10. bxc4 Nc6 11. Qe2 Nb4 12. Ne1 Bxg2 13. Kxg2 Qc7 14. d3 Rfd8 15. a3 Nc6 16. f4 Rd7 17. Rd1 Rad8 18. g4 Qb7 19. Kg1 a6 20. a4 Nb4 21. g5 Ne8 22. h4 Nc7 23. h5 b5 24. axb5 axb5 25. h6 bxc4 26. dxc4 Rxd1 27. Nxd1 gxh6 28. gxh6 Qe4 29. Rf2 Kf8 30. Nc3 Qg6+ 31. Rg2 Qf5 32. Nb5 Nxb5 33. cxb5 Qb1 34. Bg7+ Ke8 35. Bc3 Nd3 36. Rg8+ Bf8 37. Qc2 Qxc2 38. Nxc2 Kd7 39. Na3 Bxh6 40. Rg2 Kc8 41. Nc4 Nb4 42. Be5 Rd1+ 43. Kh2 Nd5 44. Nd6+ Kd7 45. Ra2 Rb1 46. Ra7+ Nc7 47. Nxf7 Bf8 48. Rxc7+ Ke8 49. Ng5 Rxb5 50. Nxe6 h5 51. Rc8+ Kd7 52. Rxf8 Kxe6 53. Rh8 Kf5 54. Rxh5+ Ke4 55. Bd4 Ra5 56. Rxc5 Ra2+ 57. Kg3 Ra3 58. Re5+ {[%emt 0:00:00] Kd5} 1-0

[Event "RUS-ch Blitz Women 2018"]
[Site "Sochi"]
[Date "2018.10.07"]
[Round "14"]
[White "Tomilova, Elena"]
[Black "Charochkina, Daria"]
[Result "0-1"]
[ECO "D02"]
[WhiteElo "2328"]
[BlackElo "2344"]
[Annotator "NA"]
[PlyCount "128"]
[EventDate "2018.10.07"]
[EventType "swiss"]
[EventCountry "RUS"]
[SourceTitle "playchess.com"]
[Source "ChessBase"]
[SourceQuality "1"]
[TimeControl "180+2"]

1. d4 d5 2. Nf3 Nf6 3. Bf4 c5 4. e3 Nc6 5. c3 e6 6. Nbd2 Bd6 7. Bg3 O-O 8. Bd3 b6 9. O-O Bb7 10. Qe2 Qc7 11. dxc5 bxc5 12. e4 Bxg3 13. hxg3 h6 14. Rad1 Rad8 15. e5 Ng4 16. Rfe1 Rde8 17. c4 f5 18. exf6 Nxf6 19. Bb1 d4 20. Ne4 Nd7 21. b3 Rf7 22. Qc2 Nb4 23. Qe2 Nf6 24. Nxf6+ Rxf6 25. a3 Nc6 26. Qd3 g5 27. b4 e5 28. b5 Nd8 29. Nd2 Qf7 30. f3 Re7 31. Re2 Qg7 32. g4 Rf4 33. Rde1 Nf7 34. a4 Nd6 35. a5 e4 36. fxe4 Rxg4 37. e5 Nf7 38. Nf3 Rg3 39. Qf5 Bxf3 40. Qc8+ Qf8 41. Bh7+ Kg7 42. Qxf8+ Kxf8 43. Kf2 Bxe2 44. Kxg3 d3 45. e6 Rxe6 46. Bxd3 Re3+ 47. Kf2 Rxd3 48. Rxe2 Nd6 49. Re6 Nxc4 50. Ra6 Ra3 51. Rxa7 Rxa5 52. Rh7 Rxb5 53. Rxh6 Kg7 54. Rc6 Ne5 55. Rc7+ Kf6 56. Ke3 c4 57. Kd4 Ra5 58. g3 g4 59. Rb7 Ke6 60. Rb6+ Kf5 61. Rb7 Ra1 62. Re7 Rd1+ 63. Kc3 Rd3+ 64. Kc2 Rxg3 0-1

[Event "RUS-ch Blitz Women 2018"]
[Site "Sochi"]
[Date "2018.10.07"]
[Round "14"]
[White "Guseva, Marina"]
[Black "Bodnaruk, Anastasia"]
[Result "1-0"]
[ECO "D70"]
[WhiteElo "2292"]
[BlackElo "2423"]
[Annotator "ChessBase"]
[PlyCount "165"]
[EventDate "2018.10.07"]
[EventType "swiss"]
[EventCountry "RUS"]
[SourceTitle "playchess.com"]
[Source "ChessBase"]
[SourceQuality "1"]
[TimeControl "180+2"]

1. d4 Nf6 2. c4 g6 3. Nf3 Bg7 4. Nc3 O-O 5. Bf4 d6 6. e3 Nfd7 7. h3 e5 8. dxe5 dxe5 9. Bh2 c6 10. Be2 Qe7 11. O-O Na6 12. a3 Nac5 13. b4 Ne6 14. Qc2 f5 15. Rad1 g5 16. c5 Kh8 17. Rd6 e4 18. Nd4 Nxd4 19. exd4 Nf6 20. d5 f4 21. dxc6 bxc6 22. Re1 Bf5 23. Rxc6 Rad8 24. Bc4 Rd4 25. Nb5 e3 26. Qxf5 Rxc4 27. fxe3 Re4 28. Rc7 Qe6 29. Nd6 Qxf5 30. Nxf5 Nd5 31. Rxg7 Rxf5 32. Rxa7 Nxe3 33. c6 Rc4 34. c7 Rf8 35. Kh1 Rc8 36. Bg1 R8xc7 37. Rxc7 Rxc7 38. Bxe3 fxe3 39. Rxe3 Kg7 40. Kh2 Kf6 41. g4 Rc2+ 42. Kg3 Ra2 43. Rc3 Rb2 44. h4 h6 45. Rc6+ Ke5 46. Rc3 Kd4 47. Rf3 Ke4 48. hxg5 hxg5 49. Rc3 Kd4 50. Rf3 Ke4 51. Rc3 Kd4 52. Rc5 Rb3+ 53. Kg2 Rxa3 54. Rxg5 Rb3 55. b5 Ke4 56. Rf5 Rb1 57. Kg3 Rg1+ 58. Kh4 Rb1 59. Kg5 Rg1 60. Rc5 Kd4 61. Rc6 Rb1 62. b6 Kd5 63. Rf6 Ke5 64. Rc6 Kd5 65. Rh6 Ke5 66. Rc6 Kd5 67. Rh6 Rb4 68. Kf5 Rb1 69. g5 Rf1+ 70. Kg4 Rg1+ 71. Kh5 Ke5 72. Rc6 Rb1 73. Kh6 Kf5 74. g6 Rb2 75. Kh7 Rh2+ 76. Kg7 Rb2 77. Kf7 Rd2 78. g7 Rd7+ 79. Kf8 Rd8+ 80. Ke7 Rb8 81. Kf7 Rb7+ 82. Kg8 Kg5 83. Kh8 1-0

[Event "RUS-ch Blitz Women 2018"]
[Site "Sochi"]
[Date "2018.10.07"]
[Round "14"]
[White "Styazhkina, Anna"]
[Black "Maltsevskaya, Aleksandra"]
[Result "0-1"]
[ECO "B40"]
[WhiteElo "2268"]
[BlackElo "2290"]
[Annotator "NA"]
[PlyCount "102"]
[EventDate "2018.10.07"]
[EventType "swiss"]
[EventCountry "RUS"]
[SourceTitle "playchess.com"]
[Source "ChessBase"]
[SourceQuality "1"]
[TimeControl "180+2"]

1. e4 c5 2. Nf3 e6 3. c4 Nc6 4. Nc3 Nge7 5. d4 cxd4 6. Nxd4 Nxd4 7. Qxd4 Nc6 8. Qd3 Bc5 9. Be2 O-O 10. O-O a6 11. Bf4 e5 12. Be3 Bxe3 13. fxe3 d6 14. Rad1 Qg5 15. Rf3 Rd8 16. Rg3 Qh6 17. Rf1 Be6 18. b3 Ne7 19. Bg4 Bxg4 20. Rxg4 g6 21. Rg3 Qg7 22. Rgf3 f5 23. exf5 Nxf5 24. Qd5+ Kh8 25. e4 Nd4 26. Rf7 Qh6 27. Qxb7 Rf8 28. Nd5 Ne2+ 29. Kf2 Rxf7+ 30. Qxf7 Rf8 31. Kxe2 Rxf7 32. Rxf7 Kg8 33. Ra7 Qxh2 34. Nf6+ Kf8 35. Nxh7+ Ke8 36. Nf6+ Kd8 37. Rd7+ Kc8 38. Rxd6 Qxg2+ 39. Ke3 Qxa2 40. Nd5 Qxb3+ 41. Kf2 Qc2+ 42. Ke3 g5 43. Rg6 Qc1+ 44. Kf3 a5 45. Nb6+ Kb7 46. Nd5 a4 47. Rb6+ Ka7 48. Rb4 a3 49. Ra4+ Kb7 50. Rb4+ Kc6 51. Ra4 Qd1+ 0-1

[Event "RUS-ch Blitz Women 2018"]
[Site "Sochi"]
[Date "2018.10.07"]
[Round "14"]
[White "Nebolsina, Vera"]
[Black "Maletina, Tatiana"]
[Result "1/2-1/2"]
[ECO "C01"]
[WhiteElo "2220"]
[BlackElo "2270"]
[Annotator "ChessBase"]
[PlyCount "101"]
[EventDate "2018.10.07"]
[EventType "swiss"]
[EventCountry "RUS"]
[SourceTitle "playchess.com"]
[Source "ChessBase"]
[SourceQuality "1"]
[TimeControl "180+2"]

1. e4 e6 2. d4 d5 3. exd5 exd5 4. Nf3 Bd6 5. c4 Nf6 6. Nc3 O-O 7. cxd5 Re8+ 8. Be2 h6 9. O-O Nbd7 10. Be3 Nb6 11. Qb3 Nfxd5 12. Nxd5 Be6 13. Ne5 Bxd5 14. Qc3 c6 15. Bf3 Bxe5 16. dxe5 Bxf3 17. gxf3 Nd5 18. Qd4 Qe7 19. f4 Qh4 20. Qe4 Re6 21. Kh1 Rae8 22. Rg1 Qh5 23. Rg3 g6 24. Rag1 Ne7 25. Qg2 Nf5 26. Rh3 Qe2 27. Bxa7 Kh7 28. Rb3 b5 29. Qf3 Qc2 30. Rc3 Qxb2 31. Rxc6 Qxa2 32. Rc7 R6e7 33. Rxe7 Rxe7 34. Bc5 Rd7 35. Qc6 Qd5+ 36. Qxd5 Rxd5 37. Be3 b4 38. Rb1 Rb5 39. Rb3 Ne7 40. Kg2 Kg7 41. Kf3 f5 42. Ke2 Kf7 43. Kd3 Nc6 44. Bd2 Rd5+ 45. Ke3 Ke6 46. Rd3 Ne7 47. Bxb4 Rxd3+ 48. Kxd3 Nd5 49. Bd2 Nc7 50. Kd4 Nd5 51. Be3 {[%emt 0:00:02] Kxe5+ Ke4+} 1/2-1/2

[Event "RUS-ch Blitz Women 2018"]
[Site "Sochi"]
[Date "2018.10.07"]
[Round "14"]
[White "Vinokur, Yuliya"]
[Black "Belenkaya, Dina"]
[Result "1-0"]
[ECO "D20"]
[WhiteElo "2170"]
[BlackElo "2329"]
[Annotator "NA"]
[PlyCount "67"]
[EventDate "2018.10.07"]
[EventType "swiss"]
[EventCountry "RUS"]
[SourceTitle "playchess.com"]
[Source "ChessBase"]
[SourceQuality "1"]
[TimeControl "180+2"]

1. d4 d5 2. c4 dxc4 3. e3 Nf6 4. Bxc4 e6 5. Nf3 a6 6. Bd3 c5 7. O-O Nbd7 8. Re1 b6 9. e4 cxd4 10. e5 Nd5 11. Nxd4 Bb7 12. Nxe6 fxe6 13. Qh5+ Ke7 14. Bg5+ N7f6 15. Nc3 Nxc3 16. exf6+ gxf6 17. Bxf6+ Kxf6 18. Qe5+ Kf7 19. Qxe6+ Kg7 20. Qg4+ Kf7 21. Bc4+ Nd5 22. Rad1 Bc5 23. Qe6+ Kg7 24. Bxd5 Bxd5 25. Rxd5 Qf6 26. Rd7+ Kg6 27. Qg4+ Kh6 28. Re6 Bxf2+ 29. Kh1 Rhf8 30. Qg7+ Kh5 31. Rxf6 Rae8 32. Qxh7+ Kg5 33. Qf5+ Kh4 34. Rh7# 1-0

[Event "RUS-ch Blitz Women 2018"]
[Site "Sochi"]
[Date "2018.10.07"]
[Round "14"]
[White "Goltseva, Ekaterina"]
[Black "Kovanova, Baira"]
[Result "1-0"]
[ECO "E53"]
[WhiteElo "2169"]
[BlackElo "2350"]
[Annotator "NA"]
[PlyCount "69"]
[EventDate "2018.10.07"]
[EventType "swiss"]
[EventCountry "RUS"]
[SourceTitle "playchess.com"]
[Source "ChessBase"]
[SourceQuality "1"]
[TimeControl "180+2"]

1. d4 Nf6 2. c4 e6 3. Nc3 Bb4 4. e3 O-O 5. Bd3 c5 6. Nf3 d5 7. O-O b6 8. a3 Bxc3 9. bxc3 Ba6 10. Qe2 Nc6 11. cxd5 Bxd3 12. Qxd3 exd5 13. dxc5 bxc5 14. c4 Na5 15. cxd5 c4 16. Qe2 Nxd5 17. Nd4 Nf4 18. Qg4 Nd3 19. Bd2 Ne5 20. Qg3 Ng6 21. Bc3 Rc8 22. Nf5 f6 23. Rfd1 Qb6 24. Rab1 Nb3 25. Rd6 Qc5 26. Qh3 Rcd8 27. Rbd1 Rxd6 28. Rxd6 Qxa3 29. g3 Qc1+ 30. Kg2 Qxc3 31. Rd7 Rf7 32. Rd8+ Nf8 33. Qg4 Kh8 34. Nd6 Kg8 35. Qe6 1-0

[Event "RUS-ch Blitz Women 2018"]
[Site "Sochi"]
[Date "2018.10.07"]
[Round "14"]
[White "Shafigullina, Zarina"]
[Black "Bivol, Alina"]
[Result "0-1"]
[ECO "A49"]
[WhiteElo "2150"]
[BlackElo "2403"]
[Annotator "ChessBase"]
[PlyCount "54"]
[EventDate "2018.10.07"]
[EventType "swiss"]
[EventCountry "RUS"]
[SourceTitle "playchess.com"]
[Source "ChessBase"]
[SourceQuality "1"]
[TimeControl "180+2"]

1. d4 Nf6 2. Nf3 g6 3. g3 Bg7 4. Bg2 O-O 5. O-O d6 6. c4 Nc6 7. Nc3 Rb8 8. h3 a6 9. a4 Bf5 10. Re1 Ne4 11. g4 Nxc3 12. bxc3 Be4 13. Be3 Na5 14. Nd2 Bxg2 15. Kxg2 e5 16. Qc2 f5 17. f3 e4 18. Bf2 Qe7 19. fxe4 fxg4 20. h4 Rxf2+ 21. Kxf2 Qxh4+ 22. Kg2 Qh3+ 23. Kg1 Bh6 24. Nf1 Rf8 25. Qd3 Rxf1+ 26. Rxf1 Be3+ 27. Rf2 Qg3+ 0-1

[Event "RUS-ch Blitz Women 2018"]
[Site "Sochi"]
[Date "2018.10.07"]
[Round "14"]
[White "Sukhareva, Evgeniya"]
[Black "Ambartsumova, Karina"]
[Result "0-1"]
[ECO "A53"]
[WhiteElo "2125"]
[BlackElo "2379"]
[Annotator "NA"]
[PlyCount "84"]
[EventDate "2018.10.07"]
[EventType "swiss"]
[EventCountry "RUS"]
[SourceTitle "playchess.com"]
[Source "ChessBase"]
[SourceQuality "1"]
[TimeControl "180+2"]

1. d4 Nf6 2. c4 d6 3. Nc3 e5 4. d5 Nbd7 5. e4 Nc5 6. Bd3 a5 7. Nge2 g6 8. h3 Bg7 9. g4 O-O 10. Ng3 c6 11. Be3 Nfd7 12. Qd2 Nb6 13. b3 Bd7 14. Bc2 cxd5 15. cxd5 Qc7 16. Rc1 Rac8 17. Bb1 Qd8 18. O-O Bf6 19. Kg2 a4 20. Bc2 axb3 21. Bxb3 Nxb3 22. axb3 Na8 23. Bh6 Bg7 24. Bg5 f6 25. Be3 Nc7 26. Qd3 Na6 27. Qe2 Qa5 28. Qb2 Nb4 29. Ra1 Qc7 30. Nge2 f5 31. gxf5 gxf5 32. exf5 Bxf5 33. Nb5 Qd7 34. Na7 Bxh3+ 35. Kh2 Bxf1 36. Rxf1 Rc2 37. Qa3 Nd3 38. Ng3 Nxf2 39. Bxf2 Rcxf2+ 40. Rxf2 Rxf2+ 41. Kg1 Rf8 42. Qa4 Qh3 0-1

[Event "RUS-ch Blitz Women 2018"]
[Site "Sochi"]
[Date "2018.10.07"]
[Round "14"]
[White "Ivanova, Karina"]
[Black "Shuvalova, Polina"]
[Result "1/2-1/2"]
[ECO "A05"]
[WhiteElo "2124"]
[BlackElo "2421"]
[Annotator "ChessBase"]
[PlyCount "114"]
[EventDate "2018.10.07"]
[EventType "swiss"]
[EventCountry "RUS"]
[SourceTitle "playchess.com"]
[Source "ChessBase"]
[SourceQuality "1"]
[TimeControl "180+2"]

1. Nf3 Nf6 2. g3 d5 3. Bg2 c6 4. O-O Bf5 5. c4 e6 6. d3 Be7 7. cxd5 exd5 8. Nc3 O-O 9. Qb3 Qb6 10. Qc2 Nbd7 11. e4 Bg6 12. Nh4 Rac8 13. Nxg6 hxg6 14. Bg5 Rfe8 15. Rfe1 dxe4 16. dxe4 Nf8 17. h3 Ne6 18. Be3 Qc7 19. Rad1 Bc5 20. Bxc5 Nxc5 21. Kh2 Re7 22. f4 Ree8 23. e5 Nfd7 24. b4 Ne6 25. Ne4 Rcd8 26. Nd6 Rf8 27. a3 Nb6 28. Qb3 Qe7 29. a4 a6 30. a5 Nc8 31. Nxc8 Rxc8 32. Rd6 Rfe8 33. Red1 Rcd8 34. R1d3 g5 35. f5 Nc7 36. Rxd8 Rxd8 37. Qd1 Rxd3 38. Qxd3 Qxe5 39. Qd8+ Ne8 40. Qxg5 Nf6 41. Qf4 Qxf4 42. gxf4 Nh5 43. b5 Nxf4 44. bxc6 bxc6 45. Bxc6 Nd3 46. Bd5 Kf8 47. Bc4 Nc5 48. f6 gxf6 49. Kg3 Ke7 50. h4 f5 51. Kf4 Kf6 52. h5 Ne6+ 53. Ke3 Nc7 54. Kf4 Ne6+ 55. Ke3 Nc7 56. Kf4 Ne6+ 57. Ke3 Nc7 {[%emt 0:00:04] Ke4 Ke5+} 1/2-1/2

[Event "RUS-ch Blitz Women 2018"]
[Site "Sochi"]
[Date "2018.10.07"]
[Round "14"]
[White "Petrochenko, Maria"]
[Black "Vasilevich, Tatjana"]
[Result "0-1"]
[ECO "A40"]
[WhiteElo "1903"]
[BlackElo "2360"]
[Annotator "ChessBase"]
[PlyCount "90"]
[EventDate "2018.10.07"]
[EventType "swiss"]
[EventCountry "RUS"]
[SourceTitle "playchess.com"]
[Source "ChessBase"]
[SourceQuality "1"]
[TimeControl "180+2"]

1. d4 Nf6 2. c4 e6 3. g3 d5 4. Nf3 dxc4 5. Qa4+ c6 6. Qxc4 b5 7. Qd3 Bb7 8. Bg2 a6 9. O-O Be7 10. a3 Nbd7 11. Be3 c5 12. dxc5 Nxc5 13. Qxd8+ Rxd8 14. Nbd2 O-O 15. b4 Na4 16. Rac1 Rc8 17. Bd4 Rfd8 18. Nb3 Bd5 19. Nbd2 Ne4 20. Nxe4 Bxe4 21. Ba1 Bf6 22. Bxf6 gxf6 23. Rfd1 Rxd1+ 24. Rxd1 Rc3 25. Rd8+ Kg7 26. Rd6 Rxa3 27. Rxa6 Ra1+ 28. Bf1 Bxf3 29. exf3 Rb1 30. Ra5 Nc3 31. Ra3 Ne2+ 32. Kg2 Nd4 33. Bd3 Rxb4 34. f4 e5 35. fxe5 fxe5 36. Ra7 h6 37. Be4 Kf6 38. Bd5 Ne6 39. Ra6 Rd4 40. Bb3 b4 41. Rb6 Kf5 42. h3 Kf6 43. h4 Ke7 44. Rb7+ Kf6 45. Bxe6 fxe6 0-1

[Event "RUS-ch Blitz Women 2018"]
[Site "Sochi"]
[Date "2018.10.07"]
[Round "15"]
[White "Bodnaruk, Anastasia"]
[Black "Voit, Daria"]
[Result "0-1"]
[ECO "B20"]
[WhiteElo "2423"]
[BlackElo "2352"]
[Annotator "NA"]
[PlyCount "88"]
[EventDate "2018.10.07"]
[EventType "swiss"]
[EventCountry "RUS"]
[SourceTitle "playchess.com"]
[Source "ChessBase"]
[SourceQuality "1"]
[TimeControl "180+2"]

1. e4 c5 2. b3 b6 3. d4 cxd4 4. Qxd4 Nc6 5. Qd2 Bb7 6. Bb2 d6 7. Nc3 Nf6 8. O-O-O a6 9. f3 b5 10. Kb1 e6 11. g4 Be7 12. h4 h6 13. Bd3 Nd7 14. f4 Qb6 15. Nf3 O-O-O 16. g5 Nc5 17. Ne2 Rhg8 18. Qe3 Kb8 19. Rhg1 Ka8 20. a3 Rc8 21. f5 hxg5 22. hxg5 e5 23. Nc3 Nb8 24. Nd5 Bxd5 25. exd5 Nbd7 26. Qe2 Nxd3 27. Qxd3 Qf2 28. Rdf1 Qc5 29. Nd2 Nb6 30. Ne4 Qxd5 31. Qf3 Rgd8 32. f6 gxf6 33. gxf6 Bf8 34. Rg8 Bh6 35. Rxd8 Rxd8 36. Rd1 Qc6 37. Qg4 Bf4 38. Qf5 d5 39. Nc3 d4 40. Ne4 Rc8 41. Nf2 Nd5 42. Qe4 Ne3 43. Qxc6+ Rxc6 44. Nd3 Nxd1 0-1

[Event "RUS-ch Blitz Women 2018"]
[Site "Sochi"]
[Date "2018.10.07"]
[Round "15"]
[White "Ambartsumova, Karina"]
[Black "Dordzhieva, Dinara"]
[Result "1-0"]
[ECO "D35"]
[WhiteElo "2379"]
[BlackElo "2340"]
[Annotator "NA"]
[PlyCount "147"]
[EventDate "2018.10.07"]
[EventType "swiss"]
[EventCountry "RUS"]
[SourceTitle "playchess.com"]
[Source "ChessBase"]
[SourceQuality "1"]
[TimeControl "180+2"]

1. c4 e6 2. Nc3 d5 3. d4 Nf6 4. cxd5 exd5 5. Bg5 Be7 6. e3 c6 7. Bd3 Nbd7 8. h3 g6 9. Nf3 Nh5 10. Bxe7 Qxe7 11. Qe2 Nb6 12. O-O-O Ng7 13. g4 Be6 14. Kb1 O-O-O 15. Qc2 Kb8 16. Nd2 Ne8 17. Nb3 Nd6 18. Nc5 Bc8 19. Ka1 h5 20. Qe2 hxg4 21. hxg4 Rh4 22. Rxh4 Qxh4 23. Rg1 g5 24. b3 Rh8 25. f3 Qh2 26. Qg2 Qxg2 27. Rxg2 Rh3 28. Be2 Nd7 29. Nd1 f6 30. Nf2 Rh4 31. Kb2 Nf8 32. Bd3 Nd7 33. a3 Nxc5 34. dxc5 Nf7 35. Be2 Kc7 36. Kc3 b6 37. b4 bxc5 38. bxc5 Nd8 39. Nd3 Rh1 40. f4 Ne6 41. Rf2 gxf4 42. exf4 d4+ 43. Kd2 Ba6 44. f5 Ng5 45. Rf4 Ra1 46. Rxd4 Rxa3 47. Nb4 Bxe2 48. Kxe2 a5 49. Nd3 Rc3 50. Ke3 Ra3 51. Rd6 a4 52. Rxf6 Rb3 53. Rg6 a3 54. Rg7+ Kc8 55. Ra7 Kb8 56. Ra4 Nf7 57. Rb4+ Rxb4 58. Nxb4 Kc7 59. Kf4 Kd7 60. g5 Ke7 61. g6 Nd8 62. Ke5 Kf8 63. f6 Nb7 64. Kd4 Na5 65. Kc3 Nb7 66. Nd3 Nd8 67. Kb3 Ne6 68. Kxa3 Ng5 69. Kb4 Ne4 70. f7 Nf6 71. Ne5 Nd5+ 72. Ka5 Nf4 73. Kb6 Ne6 74. Kxc6 1-0

[Event "RUS-ch Blitz Women 2018"]
[Site "Sochi"]
[Date "2018.10.07"]
[Round "15"]
[White "Gritsayeva, Oksana"]
[Black "Vifleemskaia, Svetlana"]
[Result "1/2-1/2"]
[ECO "B01"]
[WhiteElo "2378"]
[BlackElo "2145"]
[Annotator "NA"]
[PlyCount "57"]
[EventDate "2018.10.07"]
[EventType "swiss"]
[EventCountry "RUS"]
[SourceTitle "playchess.com"]
[Source "ChessBase"]
[SourceQuality "1"]
[TimeControl "180+2"]

1. e4 d5 2. exd5 Nf6 3. Nf3 Bg4 4. Be2 Qxd5 5. O-O Nc6 6. h3 Bh5 7. Nc3 Qd7 8. d3 e6 9. Bf4 Bd6 10. Bxd6 cxd6 11. Ng5 Bxe2 12. Nxe2 O-O 13. Re1 d5 14. d4 b5 15. Nc1 Qd6 16. Nf3 Ne4 17. Nd3 a5 18. c3 b4 19. cxb4 Nxb4 20. Nfe5 Rab8 21. Re2 f6 22. Nf3 Qa6 23. Nf4 g5 24. Nh5 Rfc8 25. Ne1 Kf7 26. Kh2 Qd6+ 27. Kg1 Qa6 28. Kh2 Qd6+ 29. Kg1 1/2-1/2

[Event "RUS-ch Blitz Women 2018"]
[Site "Sochi"]
[Date "2018.10.07"]
[Round "15"]
[White "Vasilevich, Tatjana"]
[Black "Kashlinskaya, Alina"]
[Result "0-1"]
[ECO "E86"]
[WhiteElo "2360"]
[BlackElo "2447"]
[Annotator "NA"]
[PlyCount "68"]
[EventDate "2018.10.07"]
[EventType "swiss"]
[EventCountry "RUS"]
[SourceTitle "playchess.com"]
[Source "ChessBase"]
[SourceQuality "1"]
[TimeControl "180+2"]

1. d4 Nf6 2. c4 g6 3. Nc3 Bg7 4. e4 d6 5. f3 O-O 6. Nge2 e5 7. Be3 c6 8. Qd2 Nbd7 9. Ng3 exd4 10. Bxd4 a6 11. Be2 b5 12. O-O Ne5 13. cxb5 axb5 14. b3 Nfd7 15. Rac1 b4 16. Na4 c5 17. Be3 Nb6 18. Nxb6 Qxb6 19. Rfd1 Ba6 20. Qxd6 Qxd6 21. Rxd6 Bxe2 22. Nxe2 Rxa2 23. Nf4 Rb2 24. Bxc5 Rxb3 25. Rd5 Rc8 26. Rcd1 Nc6 27. Nd3 Bc3 28. Bd6 Kg7 29. Nc5 Rb2 30. Nd3 Ra2 31. Rb1 Rd2 32. Nxb4 Nxb4 33. Bxb4 Bxb4 34. Rxb4 Rc1# 0-1

[Event "RUS-ch Blitz Women 2018"]
[Site "Sochi"]
[Date "2018.10.07"]
[Round "15"]
[White "Belenkaya, Dina"]
[Black "Maletina, Tatiana"]
[Result "0-1"]
[ECO "C00"]
[WhiteElo "2329"]
[BlackElo "2270"]
[Annotator "NA"]
[PlyCount "146"]
[EventDate "2018.10.07"]
[EventType "swiss"]
[EventCountry "RUS"]
[SourceTitle "playchess.com"]
[Source "ChessBase"]
[SourceQuality "1"]
[TimeControl "180+2"]

1. e4 e6 2. Qe2 c5 3. Nf3 d5 4. exd5 Qxd5 5. Nc3 Qd8 6. g3 Nc6 7. Bg2 Nf6 8. O-O Be7 9. Rd1 O-O 10. b3 Nd5 11. Nxd5 exd5 12. d4 Bf6 13. Bb2 Re8 14. Qb5 Qb6 15. a4 Bg4 16. c3 cxd4 17. Qxb6 axb6 18. cxd4 Re2 19. Bc3 Rae8 20. Rac1 h6 21. h3 Bf5 22. Ne5 Bc2 23. Rd2 Rxd2 24. Bxd2 Bxb3 25. Nxc6 bxc6 26. Rxc6 Bxd4 27. Rd6 Re2 28. Be3 Re1+ 29. Kh2 Bxe3 30. fxe3 Rxe3 31. Bxd5 Re2+ 32. Bg2 Bxa4 33. Rxb6 g6 34. Kg1 Rd2 35. Rb7 Kg7 36. h4 h5 37. Ra7 Bb3 38. Rb7 Be6 39. Rc7 Kf6 40. Rc5 Rd1+ 41. Kf2 Ra1 42. Be4 Ra2+ 43. Kg1 Bg4 44. Rb5 Re2 45. Bd5 Rd2 46. Ra5 Rd1+ 47. Kf2 Rd2+ 48. Ke3 Re2+ 49. Kd3 Re1 50. Ra7 Be6 51. Bxe6 fxe6 52. Ra3 Kf5 53. Kd4 Kg4 54. Rb3 e5+ 55. Kd5 e4 56. Kd4 e3 57. Rb6 Kf3 58. Rf6+ Kxg3 59. Rxg6+ Kxh4 60. Kd3 Kh3 61. Re6 h4 62. Re4 Kg3 63. Re7 h3 64. Rg7+ Kh2 65. Rg8 Rg1 66. Re8 Rg3 67. Ke2 Kg2 68. Rf8 h2 69. Rf1 h1=Q 70. Rb1 Qh5+ 71. Ke1 Rf3 72. Rb2+ Rf2 73. Rc2 Qh1# 0-1

[Event "RUS-ch Blitz Women 2018"]
[Site "Sochi"]
[Date "2018.10.07"]
[Round "15"]
[White "Tomilova, Elena"]
[Black "Ivanova, Karina"]
[Result "0-1"]
[ECO "A45"]
[WhiteElo "2328"]
[BlackElo "2124"]
[Annotator "NA"]
[PlyCount "66"]
[EventDate "2018.10.07"]
[EventType "swiss"]
[EventCountry "RUS"]
[SourceTitle "playchess.com"]
[Source "ChessBase"]
[SourceQuality "1"]
[TimeControl "180+2"]

1. d4 Nf6 2. Bg5 e6 3. e4 h6 4. Bxf6 Qxf6 5. c3 d5 6. Nd2 dxe4 7. Nxe4 Qd8 8. Nf3 Nd7 9. Bd3 Be7 10. Qe2 Nf6 11. O-O-O c6 12. h4 Qa5 13. Kb1 Bd7 14. Ne5 Nxe4 15. Qxe4 Bf6 16. Nxd7 Kxd7 17. f4 Rad8 18. g4 Qd5 19. Qe3 Kc7 20. Be4 Qd6 21. g5 hxg5 22. hxg5 Be7 23. f5 exf5 24. Bxf5 Rde8 25. Bc2 Rxh1 26. Rxh1 Qd5 27. Qg3+ Bd6 28. Qh4 Re2 29. Rc1 Qg2 30. g6 fxg6 31. Qh7 Bf4 32. Qxg7+ Kb6 33. Qe7 Rxe7 0-1

[Event "RUS-ch Blitz Women 2018"]
[Site "Sochi"]
[Date "2018.10.07"]
[Round "15"]
[White "Guseva, Marina"]
[Black "Bivol, Alina"]
[Result "0-1"]
[ECO "A40"]
[WhiteElo "2292"]
[BlackElo "2403"]
[Annotator "NA"]
[PlyCount "95"]
[EventDate "2018.10.07"]
[EventType "swiss"]
[EventCountry "RUS"]
[SourceTitle "playchess.com"]
[Source "ChessBase"]
[SourceQuality "1"]
[TimeControl "180+2"]

1. d4 g6 2. c4 Bg7 3. e4 d6 4. Nc3 e5 5. dxe5 Bxe5 6. Nf3 Bg7 7. Be2 Nf6 8. Nd4 O-O 9. O-O Re8 10. f3 Nc6 11. Nxc6 bxc6 12. Bg5 Qd7 13. Qd2 Qe6 14. Rad1 Nd7 15. Rfe1 a5 16. b3 Qe5 17. Na4 Qe6 18. Bf1 Bb7 19. Be3 c5 20. Nc3 Ne5 21. Nd5 Rec8 22. Bf2 a4 23. b4 cxb4 24. Qxb4 Ba6 25. c5 Bxf1 26. Rxf1 dxc5 27. Bxc5 Nc6 28. Qa3 h5 29. Rc1 Kh7 30. Bf2 Be5 31. Qc5 Na5 32. Bg3 Bd6 33. Bxd6 cxd6 34. Qd4 Nc6 35. Qb2 Ne5 36. Qd4 Rxc1 37. Rxc1 Rc8 38. Rxc8 Qxc8 39. h3 Qc1+ 40. Kh2 Qc2 41. Qe3 Qxa2 42. Qf4 Kg7 43. Qf6+ Kg8 44. Ne7+ Kf8 45. Nd5 Kg8 46. Ne7+ Kh7 47. Nd5 Qb2 48. Kg3 0-1